 Dungeon Crawl Stone Soup version 0.22.0-78-g6c94d2c (webtiles) character file.

837 MalarOregon the Insei (level 7, 0/35 HPs)
             Began as a Vine Stalker Transmuter on Sept 16, 2018.
             Succumbed to an adder's poison
             ... on level 4 of the Dungeon.
             The game lasted 00:10:23 (4628 turns).

MalarOregon the Insei (Vine Stalker Transmuter)     Turns: 4628, Time: 00:10:24

Health: 0/35       AC:  4    Str: 13    XL:     7   Next: 99%
Magic:  7/15       EV: 13    Int: 15    God:
Gold:   228        SH:  0    Dex: 14    Spells: 5/15 levels left

rFire    . . .     SeeInvis .     - Unarmed
rCold    . . .     Gourm    .   (no shield)
rNeg     . . .     Faith    .   k - +1 robe {MR+}
rPois    .         Spirit   +   (no helmet)
rElec    .         Reflect  .   r - +0 cloak
rCorr    .         Harm     .   (no gloves)
MR       +....                  (boots currently unavailable)
Stlth    +.........             (no amulet)
HPRegen  0.51/turn              (no ring)
MPRegen  0.14/turn              (no ring)

@: lethally poisoned (0 -> -18), appendage
A: fangs 2, talons 3, regeneration 1, magic shield, antimagic bite, no potion
heal 3, rot immunity
a: End Transformation


You were on level 4 of the Dungeon.
You were very hungry.
You had grown temporary talons.
You visited 1 branch of the dungeon, and saw 6 of its levels.

You collected 228 gold pieces.

Inventory:

Missiles
 a - 138 arrows
Armour
 k - a +1 robe of magic resistance (worn)
 r - a +0 cloak (worn)
 s - a +0 large shield
Jewellery
 e - a +3 amulet of reflection {unknown}
 l - an uncursed amulet of regeneration {unknown}
 m - a +2 ring of protection {unknown}
 o - an uncursed amulet of guardian spirit {unknown}
Scrolls
 f - 2 scrolls of amnesia
 i - 2 scrolls of remove curse
 j - a scroll of identify
 p - 3 scrolls of teleportation
Potions
 b - a potion of mutation
 c - a potion of heal wounds
 g - a potion of lignification
 h - a potion of curing
 n - a potion of flight
Comestibles
 d - 10 rations


   Skills:
 + Level 2.6 Fighting
 + Level 2.8 Dodging
 + Level 1.1 Shields
 * Level 5.1 Unarmed Combat
 * Level 4.7 Spellcasting
 * Level 4.7 Transmutations


You had 5 spell levels left.
You knew the following spells:

 Your Spells              Type           Power        Failure   Level  Hunger
a - Beastly Appendage     Tmut           ###...       2%          1    None
b - Sticks to Snakes      Tmut           ###.....     3%          2    ##.....
c - Spider Form           Tmut/Pois      ##........   19%         3    ###....
d - Ice Form              Ice/Tmut       ##......     54%         4    ####...

Your spell library contained the following spells:

 Spells                   Type           Power        Failure   Level  Hunger
 Blade Hands              Tmut           ###.......   54%         5    ######.


Dungeon Overview and Level Annotations

Branches:
Dungeon (6/15)
 Temple: D:4-7

Altars:
Ashenzari
Okawaru
Trog
The Shining One

Annotations:
D:6 Dowan, Duvessa, Edmund, Eustachio


Innate Abilities, Weirdness & Mutations

You have extremely sharp teeth.
Your natural rate of healing is unusually fast.
When hurt, damage is shared between your health and your magic reserves.
Your bite disrupts and absorbs the magic of your enemies.
Potions cannot restore your health.
You are immune to rotting.
You have claws for feet.


Message History

a trident; an orc skeleton
* * * LOW HITPOINT WARNING * * *
You feel sick. The adder bites you.
* * * LOW HITPOINT WARNING * * *
You are more poisoned.
The adder poisons you!
* * * LOW HITPOINT WARNING * * *
You feel very sick. The worker ant closely misses you.
The water moccasin bites you but does no damage.
* * * LOW HITPOINT WARNING * * *
You feel very sick.
There is a stone staircase leading up here.
* * * LOW HITPOINT WARNING * * *
You feel very sick. The worker ant barely misses you.
The water moccasin misses you. The adder misses you. The worker ant bites you.
* * * LOW HITPOINT WARNING * * *
You climb upwards.
You die...

##........
##.........
#..........
#.#........
#####.#........
##.....#........
##..#####........
##S.## #........
##@a## #........
#.S#### #########
#.....### # #####...#
##### ###.##### #....
####### #.....###.###
#.....#######..)..#
#................####
#......(.............


You could see a water moccasin, a worker ant and an adder.

Vanquished Creatures
  Sigmund (D:2)
  An orc warrior (D:6)
  A sky beast (D:4)
  A phantom (D:4)
  A scorpion (D:5)
  2 jellies (D:5)
  An orc priest (D:5)
  2 orc wizards
  A bullfrog skeleton (D:5)
  An iguana (D:4)
  A worker ant (D:4)
  6 adders
  An ooze (D:3)
  3 worms
  4 dart slugs
  10 orcs
  A ball python (D:1)
  7 bats
  6 goblins
  8 hobgoblins
  A quokka (D:4)
  3 frilled lizards
  3 kobolds
  A quokka zombie (D:5)
  8 rats
75 creatures vanquished.

Notes
Turn   | Place    | Note
-------+----------+-------------------------------------------
     0 | D:1      | MalarOregon the Vine Stalker Transmuter began the quest for
                  | the Orb.
     0 | D:1      | Reached XP level 1. HP: 9/9 MP: 4/4
    54 | D:1      | Reached skill level 1 in Fighting
    55 | D:1      | Reached XP level 2. HP: 10/14 MP: 3/6
   644 | D:1      | Reached XP level 3. HP: 16/18 MP: 4/7
   775 | D:2      | Learned a level 2 spell: Sticks to Snakes
   779 | D:2      | Learned a level 3 spell: Spider Form
   791 | D:2      | Noticed Sigmund
   832 | D:2      | Killed Sigmund
   832 | D:2      | Reached skill level 4 in Unarmed Combat
   832 | D:2      | Gained mutation: Your natural rate of healing is unusually
                  | fast. [Vine Stalker growth]
   832 | D:2      | Reached XP level 4. HP: 15/23 MP: 3/10
   832 | D:2      | Reached XP level 5. HP: 17/26 MP: 3/11
  1276 | D:2      | Found a bloodstained altar of Trog.
  1326 | D:2      | Reached XP level 6. HP: 30/30 MP: 12/12
  2354 | D:4      | Noticed a phantom
  2443 | D:4      | Killed a phantom
  2748 | D:5      | Entered Level 5 of the Dungeon
  2761 | D:5      | Found a shattered altar of Ashenzari.
  2805 | D:5      | Reached XP level 7. HP: 25/35 MP: 8/14
  2848 | D:5      | Learned a level 4 spell: Ice Form
  2895 | D:5      | Found a glowing golden altar of the Shining One.
  3054 | D:5      | Found an iron altar of Okawaru.
  3206 | D:6      | HP: 1/35 [orc warrior/short sword (3)]
  3226 | D:6      | Noticed Dowan
  3226 | D:6      | Noticed Duvessa
  3226 | D:6      | Noticed Edmund
  3487 | D:4      | Reached skill level 1 in Shields
  3487 | D:4      | Reached skill level 5 in Unarmed Combat
  4560 | D:6      | Noticed Eustachio
  4628 | D:4      | Succumbed to an adder's poison

Skill      XL: |  1  2  3  4  5  6  7 |
---------------+----------------------+-----
Fighting       | 1 2 |  2.6
Dodging        | 2 |  2.8
Unarmed Combat | 4 5 |  5.1
Spellcasting   | 3 4 |  4.7
Transmutations | 3 4 |  4.7
Shields        | 1 |  1.1

Action                   |  1- 3 |  4- 6 |  7- 9 || total
-------------------------+-------+-------+-------++-------
Melee: Unarmed           |    87 |   161 |    86 ||   334
       Bite              |    12 |    41 |    24 ||    77
       Headbutt          |     5 |    11 |     6 ||    22
       Kick              |     8 |    20 |     9 ||    37
       Punch             |       |     2 |     3 ||     5
 Cast: Beastly Appendage |    17 |    40 |    12 ||    69
       Sticks to Snakes  |       |     3 |       ||     3
       Spider Form       |       |       |     1 ||     1
  Use: Scroll            |     2 |     6 |     3 ||    11
       Potion            |     1 |       |       ||     1
 Stab: Sleeping          |     1 |     1 |     1 ||     3
  Eat: Chunk             |       |     7 |     1 ||     8
       Ration            |       |       |     1 ||     1
Armor: Robe              |    17 |    23 |    22 ||    62
       Skin              |    13 |       |     1 ||    14
Dodge: Dodged            |    44 |    90 |    89 ||   223
